 Seeded DCSS version 0.29.1-13-g9f3cf754e1 (webtiles) character file.

Game seed: 16245865983455551772 (custom seed)

24 OTABOTABOTAB the Skirmisher (level 3, 31/31 HPs)
             Began as a Gnoll Hunter on Jan 24, 2023.
             Quit the game on level 1 of the Dungeon.
             The game lasted 00:01:19 (763 turns).

OTABOTABOTAB the Skirmisher (Gnoll Hunter)           Turns: 763, Time: 00:01:20

Health: 31/31      AC:  3    Str: 10    XL:     3   Next: 2%
Magic:  3/3        EV: 13    Int:  8    God:
Gold:   40         SH:  0    Dex: 17    Spells: 3/3 levels left

rFire   . . .      SeeInvis .   d - +9 hand crossbow (flame)
rCold   . . .      Faith    .   (no shield)
rNeg    . . .      Spirit   .   c - +0 leather armour
rPois   .          Reflect  .   (no helmet)
rElec   .          Harm     .   (no cloak)
rCorr   .          Rampage  .   (no gloves)
Will    .....                   (no boots)
Stlth   ++........              (no amulet)
HPRegen 0.10/turn               (no ring)
MPRegen 0.08/turn               (no ring)

@: studying Fighting
A: fangs 1, strong nose, distributed training
a: no special abilities


You were on level 1 of the Dungeon.
You visited 1 branch of the dungeon, and saw 1 of its levels.

You collected 40 gold pieces.

Inventory:

Hand Weapons
 a - a +0 shortbow
 d - a +9 hand crossbow of flaming (weapon)
   (You acquired it on level 1 of the Dungeon)
Missiles
 g - 2 poisoned darts
 s - 14 stones
Armour
 c - a +0 leather armour (worn)
Jewellery
 I - a +6 ring of intelligence
   (You found it on level 1 of the Dungeon)
Scrolls
 b - a scroll of acquirement
 h - a scroll of teleportation {unknown}
 K - a scroll of immolation {!r}
Potions
 e - a potion of might {unknown}
 f - 2 potions of flight {unknown}


   Skills:
 + Level 4.6 Fighting
 + Level 0.6 Short Blades
 + Level 0.6 Long Blades
 + Level 0.6 Axes
 + Level 0.6 Maces & Flails
 + Level 0.6 Polearms
 + Level 0.6 Staves
 + Level 8.5 Ranged Weapons
 + Level 0.6 Throwing
 + Level 0.6 Armour
 + Level 4.5 Dodging
 + Level 2.3 Stealth
 + Level 0.6 Shields
 + Level 0.6 Unarmed Combat
 + Level 0.6 Spellcasting
 + Level 0.4 Conjurations
 + Level 0.4 Hexes
 + Level 0.4 Summonings
 + Level 0.4 Necromancy
 + Level 0.4 Translocations
 + Level 0.4 Transmutations
 + Level 0.4 Fire Magic
 + Level 0.4 Ice Magic
 + Level 0.4 Air Magic
 + Level 0.4 Earth Magic
 + Level 0.4 Poison Magic
 + Level 0.8 Invocations
 + Level 0.6 Evocations


You had 3 spell levels left.
You didn't know any spells.
Your spell library was empty.

Dungeon Overview and Level Annotations

Branches:
Dungeon (1/15)

Altars:


Innate Abilities, Weirdness & Mutations

You have very sharp teeth.
Your uncanny sense of smell can sniff out nearby items.
Your experience applies equally to all skills.


Message History

You kill the endoplasm!
You shoot a bolt. The bolt hits the rat!!
The bolt burns the rat.
You kill the rat!
No target in view!
There is an open door here.
You see here a +0 dagger.
s - 6 stones You open the door.
An endoplasm comes into view.
You shoot a bolt. The bolt hits the endoplasm!!
The bolt burns the endoplasm.
You kill the endoplasm!
No target in view!
There is an open door here.
There is an open door here.
A ball python comes into view.
The ball python hisses angrily.
You shoot a bolt. The bolt hits the ball python!
The bolt burns the ball python.
You kill the ball python!
A frilled lizard comes into view.
You shoot a bolt. The bolt hits the frilled lizard!
The bolt burns the frilled lizard.
You kill the frilled lizard!
You hear an angry hiss.
A ball python comes into view.
A ball python is nearby!
You shoot a bolt. The bolt hits the ball python!
The bolt burns the ball python.
You kill the ball python!
No target in view!
g - 2 poisoned darts No target in view!
A quokka comes into view.
You shoot a bolt. The bolt hits the quokka!
The bolt burns the quokka.
You kill the quokka!
You now have 17 gold pieces (gained 7).
You open the door.
Found a stone staircase leading down.
There is an open door here.
No target in view!
No target in view!
No target in view!
You see here a +0 robe.
You now have 27 gold pieces (gained 10).
You now have 40 gold pieces (gained 13).
A kobold comes into view. It is wielding a +0 dagger.
A kobold is nearby!
You shoot a bolt. The bolt misses the kobold.
You shoot a bolt. The bolt hits the kobold!
The bolt burns the kobold.
You kill the kobold!
s - 10 stones (gained 4)
You see here a +0 dagger.
I - a +6 ring of intelligence A kobold comes into view.
It is wielding a +0 short sword.
You shoot a bolt. The bolt hits the kobold!
The bolt burns the kobold.
You kill the kobold!
No target in view!
No target in view!
A hobgoblin comes into view.
A hobgoblin is nearby!
A hobgoblin is nearby!
You shoot a bolt. The bolt hits the hobgoblin!
The bolt burns the hobgoblin.
You kill the hobgoblin!
No target in view!
Found a stone staircase leading down.
There is a stone staircase leading down here.
A bat comes into view.
You shoot a bolt. The bolt hits the bat!
The bolt burns the bat.
You kill the bat!
No target in view!
You see here a +0 spear.
h - a scroll labelled XODATU UXUOJ
Found a stone staircase leading down.
No target in view!
No target in view!
s - 14 stones (gained 4)
You open the door.
There is an open door here.
You open the door.
A hobgoblin comes into view.
There is an open door here.
A hobgoblin is nearby!
You shoot a bolt. The bolt hits the hobgoblin!
The bolt burns the hobgoblin.
You kill the hobgoblin!
No target in view!
There is an open door here.
A goblin comes into view. It is wielding a +0 dagger.
A goblin is nearby!
You shoot a bolt. The bolt hits the goblin!!
The bolt burns the goblin.
You kill the goblin!
No target in view!
A hobgoblin comes into view.
A hobgoblin is nearby!
You shoot a bolt. The bolt hits the hobgoblin!
The bolt burns the hobgoblin.
You kill the hobgoblin!
You have reached level 3!
Your experience leads to an increase in your attributes!
Increase (s)trength, (i)ntelligence, or (d)exterity?
You feel agile. x2
Health restored: 31; MP restored: 3

#.# ##...##
####.#########.....##
#...>.......#.......##
#.......###..........#
#....................+
#..)....###..........#
#.......# #.#.......##
#.......###.##.....##
#....@......###...##
####.######## ##'###
#. ##...## #.
##.###.## #. ##.##
##.# .. #.## ##. ..∆
#.# #. =. #.## ##.
#.####.## ##.#


There were no monsters in sight!

Vanquished Creatures
  2 ball pythons (D:1)
  A bat (D:1)
  4 endoplasms (D:1)
  2 goblins (D:1)
  3 hobgoblins (D:1)
  2 kobolds (D:1)
  3 quokkas (D:1)
  A frilled lizard (D:1)
  A rat (D:1)
19 creatures vanquished.

Notes
Turn   | Place    | Note
-------+----------+-------------------------------------------
     0 | D:1      | OTABOTABOTAB the Gnoll Hunter began the quest for the Orb.
     0 | D:1      | Reached XP level 1. HP: 20/20 MP: 1/1
    48 | D:1      | Identified 3 scrolls of acquirement
    48 | D:1      | Acquired a manual of Fighting
    49 | D:1      | Acquired a +9 hand crossbow of flaming
    57 | D:1      | Reached XP level 2. HP: 26/26 MP: 2/2
   114 | D:1      | Found a faded altar of an unknown god.
   763 | D:1      | Reached XP level 3. HP: 31/31 MP: 3/3
   763 | D:1      | Quit the game

Illustrated notes

Levels and vault maps discovered:
D:1:      minmay_arrival_hallway, layout_loops_corners, basic_ecumenical_altar,
          minmay_unequal

Action                   || total
-------------------------++-------
 Fire: Shortbow          ||     5
       Hand crossbow     ||    17
  Use: Scroll            ||     2

Table legend: (Time is in decaauts)
 A = Elapsed time spent in this place.
 B = Non-inter-level travel time spent in this place.
 C = Inter-level travel time spent in this place.
 D = Time resting spent in this place.
 E = Time spent auto-exploring this place.
 F = Levels seen in this place.
 G = Mean time per level.
                   A        B        C        D        E       F      G
               +--------+--------+--------+--------+--------+-----+--------+
         Total |    770 |    770 |      0 |      0 |    708 |   1 |  770.0 |
       Dungeon |    770 |    770 |      0 |      0 |    708 |   1 |  770.0 |
               +--------+--------+--------+--------+--------+-----+--------+

Top non-repeatable levels by time:
     D:1: 770 daAuts

Table legend:
 A = Kills in this place as a percentage of kills in entire the game.
 B = Kills by you in this place as a percentage of kills by you in the entire game.
 C = Kills by friends in this place as a percentage of kills by friends in the entire game.
 D = Other kills in this place as a percentage of other kills in the entire game.
 E = Experience gained in this place as a percentage of experience gained in the entire game.
 F = Experience gained in this place divided by the number of levels of this place that you have seen.
                   A       B       C       D       E      F
               +-------+-------+-------+-------+-------+----------------------
         Total | 100.0 | 100.0 |   N/A |   N/A | 100.0 |  35.0
       Dungeon | 100.0 | 100.0 |   N/A |   N/A | 100.0 |  35.0
               +-------+-------+-------+-------+-------+----------------------
